3189 views
Uploaded 2020-03-18 18:35:12
Game version 1.32.3
21:11 long 4on4 ladder game on (8)GolemsInTheMist_LV
Saved by BaDitO2
3189 views
Uploaded 2020-03-18 18:35:12
Game version 1.32.3
21:11 long 4on4 ladder game on (8)GolemsInTheMist_LV


200 units @ 25.8k
/ 4.4k
92 buildings @ 11.1k
/ 4.7k

| Lesser Clarity Potion | 1 | 70 |
| Potion of Healing | 1 | 150 |
| Potion of Mana | 2 | 400 |
| Scroll of Town Portal | 1 | 350 |
| total: | 5 | 970g |
| Peasant | 31 | 2325 | / | 0 |
| Footman | 9 | 1215 | / | 0 |
| Flying Machine | 12 | 1200 | / | 360 |
| Siege Engine | 15 | 2925 | / | 900 |
| total: | 67 | 7665g | / | 1260w |
| Scout Tower | 2 | 60 | / | 40 |
| Arcane Tower | 1 | 70 | / | 50 |
| Altar of Kings | 1 | 180 | / | 50 |
| Farm | 15 | 1200 | / | 300 |
| Barracks | 1 | 160 | / | 60 |
| Lumber Mill | 1 | 120 | / | 0 |
| Arcane Vault | 2 | 260 | / | 60 |
| Blacksmith | 1 | 140 | / | 60 |
| Town Hall | 2 | 770 | / | 410 |
| Workshop | 3 | 420 | / | 420 |
| Keep | 1 | 320 | / | 210 |
| Castle | 1 | 360 | / | 210 |
| total: | 28 | 3310g | / | 1400w |
| 0:04 | Peasant |
| 0:05 | Peasant |
| 0:07 | Altar of Kings |
| 0:17 | Peasant |
| 0:21 | Farm |
| 0:34 | Peasant |
| 0:38 | Barracks |
| 0:52 | Farm |
| 1:03 | Peasant |
| 1:12 | Lumber Mill |
| 1:13 | Peasant |
| 1:19 | Peasant |
| 1:39 | Farm |
| 1:41 | Peasant |
| 1:45 | Footman |
| 1:50 | Peasant |
| 2:06 | Flame Strike |
| 2:12 | Footman |
| 2:16 | Peasant |
| 2:17 | Peasant |
| 2:24 | Arcane Vault |
| 2:41 | Footman |
| 2:51 | Peasant |
| 2:51 | Peasant |
| 2:57 | Farm |
| 3:12 | Footman |
| 3:27 | Footman |
| 3:29 | Farm |
| 3:42 | Scout Tower |
| 3:45 | Peasant |
| 3:51 | Footman |
| 4:12 | Farm |
| 4:13 | Arcane Tower |
| 4:25 | Peasant |
| 4:25 | Peasant |
| 4:27 | Peasant |
| 4:27 | Peasant |
| 4:45 | Footman |
| 5:06 | Siphon Mana |
| 5:17 | Arcane Vault |
| 5:17 | Peasant |
| 5:18 | Peasant |
| 5:33 | Defend |
| 5:55 | Blacksmith |
| 5:58 | Town Hall |
| 6:59 | Keep |
| 7:03 | Farm |
| 7:37 | Footman |
| 7:40 | Farm |
| 8:41 | Flame Strike |
| 8:59 | Black Gunpowder |
| 8:59 | Iron Plating |
| 9:22 | Castle |
| 9:27 | Workshop |
| 9:27 | Workshop |
| 9:27 | Workshop |
| 9:44 | Footman |
| 10:08 | Scout Tower |
| 10:42 | Flak Cannons |
| 11:05 | Flying Machine |
| 11:05 | Flying Machine |
| 11:06 | Flying Machine |
| 11:06 | Flying Machine |
| 11:06 | Flying Machine |
| 11:33 | Flying Machine |
| 11:33 | Flying Machine |
| 11:40 | Flying Machine |
| 12:13 | Siphon Mana |
| 12:24 | Flying Machine Bombs |
| 12:25 | Flying Machine |
| 12:25 | Flying Machine |
| 12:48 | Scroll of Town Portal |
| 12:48 | Lesser Clarity Potion |
| 12:49 | Potion of Healing |
| 12:49 | Potion of Mana |
| 12:52 | Potion of Mana |
| 13:06 | Flying Machine |
| 13:06 | Flying Machine |
| 13:17 | Barrage |
| 13:21 | Peasant |
| 13:22 | Peasant |
| 13:22 | Peasant |
| 13:22 | Peasant |
| 13:22 | Peasant |
| 13:58 | Town Hall |
| 14:15 | Peasant |
| 14:15 | Peasant |
| 14:15 | Peasant |
| 14:15 | Peasant |
| 14:16 | Improved Lumber Harvesting |
| 15:27 | Flame Strike |
| 15:32 | Peasant |
| 15:32 | Peasant |
| 15:50 | Siege Engine |
| 15:51 | Siege Engine |
| 15:51 | Siege Engine |
| 15:55 | Farm |
| 15:55 | Farm |
| 15:55 | Farm |
| 15:56 | Farm |
| 15:57 | Farm |
| 15:58 | Farm |
| 15:59 | Farm |
| 16:34 | Siege Engine |
| 16:35 | Siege Engine |
| 17:13 | Siege Engine |
| 17:33 | Siege Engine |
| 17:53 | Siege Engine |
| 18:20 | Siege Engine |
| 18:32 | Siege Engine |
| 18:55 | Siege Engine |
| 19:25 | Siege Engine |
| 19:52 | Siege Engine |
| 20:27 | Siege Engine |
| 20:52 | Siege Engine |
| Right click | 1007 |
| Select group | 590 |
| Select | 266 |
| Chat | 175 |
| Build/train/purchase | 128 |
| Misc. action | 41 |
| Use ability | 31 |
| Assign group | 29 |
| Esc | 14 |
| Resource trade | 9 |
| Minimap ping | 1 |


| Potion of Healing | 2 | 300 |
| Scroll of Regeneration | 1 | 100 |
| total: | 3 | 400g |
| Peon | 10 | 750 | / | 0 |
| Grunt | 4 | 800 | / | 0 |
| Demolisher | 1 | 220 | / | 50 |
| Troll Headhunter | 4 | 560 | / | 80 |
| Shaman | 8 | 1040 | / | 160 |
| Troll Witch Doctor | 7 | 1015 | / | 175 |
| Tauren | 2 | 560 | / | 160 |
| Spirit Walker | 1 | 195 | / | 35 |
| Goblin Shredder | 1 | 375 | / | 100 |
| Forest Troll Berserker | 1 | 245 | / | 30 |
| total: | 39 | 5760g | / | 790w |
| Watch Tower | 1 | 110 | / | 80 |
| Altar of Storms | 1 | 180 | / | 50 |
| Orc Burrow | 6 | 960 | / | 240 |
| Barracks | 1 | 180 | / | 50 |
| War Mill | 1 | 205 | / | 0 |
| Voodoo Lounge | 1 | 130 | / | 30 |
| Great Hall | 2 | 770 | / | 370 |
| Spirit Lodge | 2 | 300 | / | 300 |
| Tauren Totem | 1 | 135 | / | 155 |
| Stronghold | 1 | 315 | / | 190 |
| Fortress | 1 | 325 | / | 190 |
| total: | 16 | 2970g | / | 1275w |
| 0:03 | Peon |
| 0:13 | Peon |
| 0:19 | Altar of Storms |
| 0:23 | Orc Burrow |
| 0:33 | Peon |
| 0:46 | Peon |
| 0:57 | Peon |
| 1:12 | Peon |
| 1:32 | Peon |
| 1:48 | Peon |
| 2:04 | Stronghold |
| 2:16 | Barracks |
| 2:22 | Orc Burrow |
| 2:31 | Feral Spirit |
| 3:19 | War Mill |
| 3:50 | Chain Lighting |
| 3:57 | Voodoo Lounge |
| 3:59 | Grunt |
| 4:09 | Forest Troll Berserker |
| 4:25 | Peon |
| 4:25 | Peon |
| 4:33 | Spirit Lodge |
| 4:36 | Spirit Lodge |
| 4:39 | Grunt |
| 4:50 | Orc Burrow |
| 5:00 | Goblin Shredder |
| 5:38 | Orc Burrow |
| 5:58 | Grunt |
| 6:03 | Demolisher |
| 6:50 | Orc Burrow |
| 6:51 | Shaman Adept Training |
| 6:52 | Witch Doctor Adept Training |
| 6:53 | Fortress |
| 7:39 | Grunt |
| 7:41 | Troll Headhunter |
| 7:44 | Feral Spirit |
| 7:54 | Shaman |
| 7:55 | Troll Witch Doctor |
| 8:49 | Healing Wave |
| 8:57 | Troll Witch Doctor |
| 8:59 | Shaman |
| 9:32 | Shaman Master Training |
| 9:33 | Witch Doctor Master Training |
| 10:07 | Potion of Healing |
| 10:09 | Scroll of Regeneration |
| 10:13 | Potion of Healing |
| 10:22 | Troll Headhunter |
| 10:24 | Shaman |
| 10:25 | Troll Witch Doctor |
| 10:39 | Watch Tower |
| 11:12 | Steel Armor |
| 11:16 | Troll Headhunter |
| 13:32 | Great Hall |
| 13:35 | Great Hall |
| 13:41 | Tauren Totem |
| 14:37 | Hex |
| 14:43 | Chain Lighting |
| 15:35 | Tauren |
| 15:38 | Shaman |
| 15:38 | Troll Witch Doctor |
| 15:39 | Shaman |
| 17:02 | Thorium Armor |
| 17:04 | Shaman |
| 17:05 | Troll Witch Doctor |
| 17:08 | Spirit Walker Adept Training |
| 17:09 | Spirit Walker |
| 17:13 | Troll Headhunter |
| 17:51 | Healing Wave |
| 18:44 | Shaman |
| 18:44 | Shaman |
| 18:45 | Troll Witch Doctor |
| 18:45 | Troll Witch Doctor |
| 18:48 | Spirit Walker Master Training |
| 18:49 | Tauren |
| 18:49 | Pulverize |
| 18:52 | Arcanite Armor |
| 18:58 | Orc Burrow |
| 20:33 | Hex |
| 21:07 | Chain Lighting |
| Right click | 363 |
| Select | 236 |
| Select group | 191 |
| Build/train/purchase | 74 |
| Misc. action | 64 |
| Use ability | 34 |
| Chat | 30 |
| Assign group | 28 |
| Resource trade | 8 |
| Remove unit | 4 |
| Item give/drop | 1 |
| Minimap ping | 1 |


| Scroll of Town Portal | 2 | 700 |
| Potion of Lesser Invulnerability | 1 | 150 |
| total: | 3 | 850g |
| Peasant | 20 | 1500 | / | 0 |
| Footman | 5 | 675 | / | 0 |
| Rifleman | 9 | 1845 | / | 270 |
| Mortar Team | 6 | 1080 | / | 420 |
| Flying Machine | 22 | 2200 | / | 660 |
| Siege Engine | 1 | 195 | / | 60 |
| Forest Troll Shadow Priest | 1 | 195 | / | 10 |
| total: | 64 | 7690g | / | 1420w |
| Scout Tower | 4 | 120 | / | 80 |
| Arcane Tower | 1 | 70 | / | 50 |
| Guard Tower | 1 | 70 | / | 50 |
| Altar of Kings | 1 | 180 | / | 50 |
| Farm | 12 | 960 | / | 240 |
| Barracks | 1 | 160 | / | 60 |
| Town Hall | 1 | 385 | / | 205 |
| Lumber Mill | 1 | 120 | / | 0 |
| Blacksmith | 1 | 140 | / | 60 |
| Workshop | 2 | 280 | / | 280 |
| Arcane Sanctum | 1 | 150 | / | 140 |
| Keep | 1 | 320 | / | 210 |
| Castle | 1 | 360 | / | 210 |
| total: | 24 | 2495g | / | 1115w |
| 0:03 | Peasant |
| 0:04 | Peasant |
| 0:04 | Peasant |
| 0:10 | Altar of Kings |
| 0:12 | Farm |
| 0:21 | Barracks |
| 0:32 | Peasant |
| 0:49 | Peasant |
| 0:56 | Farm |
| 1:05 | Peasant |
| 1:14 | Peasant |
| 1:22 | Footman |
| 1:36 | Peasant |
| 1:42 | Farm |
| 1:48 | Footman |
| 1:56 | Peasant |
| 2:07 | Summon Water Elemental |
| 2:09 | Peasant |
| 2:15 | Peasant |
| 2:19 | Footman |
| 2:47 | Footman |
| 2:47 | Peasant |
| 3:19 | Town Hall |
| 3:21 | Brilliance Aura |
| 3:34 | Forest Troll Shadow Priest |
| 3:40 | Peasant |
| 4:04 | Scout Tower |
| 4:06 | Farm |
| 4:07 | Lumber Mill |
| 4:16 | Scout Tower |
| 4:43 | Arcane Tower |
| 4:44 | Peasant |
| 4:46 | Guard Tower |
| 4:47 | Peasant |
| 5:28 | Peasant |
| 5:29 | Keep |
| 5:31 | Peasant |
| 5:31 | Peasant |
| 5:46 | Footman |
| 5:48 | Blacksmith |
| 5:50 | Peasant |
| 5:51 | Peasant |
| 5:52 | Scout Tower |
| 5:52 | Scout Tower |
| 6:08 | Defend |
| 6:23 | Summon Water Elemental |
| 6:44 | Farm |
| 6:45 | Farm |
| 7:08 | Rifleman |
| 7:08 | Rifleman |
| 7:50 | Rifleman |
| 7:51 | Castle |
| 7:56 | Workshop |
| 8:00 | Improved Lumber Harvesting |
| 8:45 | Rifleman |
| 8:48 | Brilliance Aura |
| 8:52 | Flame Strike |
| 8:53 | Workshop |
| 8:57 | Arcane Sanctum |
| 9:07 | Mortar Team |
| 9:10 | Farm |
| 9:11 | Farm |
| 9:12 | Farm |
| 10:07 | Flying Machine |
| 10:19 | Flying Machine |
| 10:19 | Flying Machine Bombs |
| 10:32 | Rifleman |
| 10:35 | Flying Machine |
| 10:35 | Flying Machine |
| 11:27 | Flying Machine |
| 11:27 | Flying Machine |
| 11:38 | Banish |
| 12:12 | Rifleman |
| 12:30 | Mortar Team |
| 12:30 | Mortar Team |
| 12:45 | Rifleman |
| 13:27 | Rifleman |
| 13:28 | Mortar Team |
| 13:29 | Fragmentation Shards |
| 13:47 | Scroll of Town Portal |
| 13:47 | Potion of Lesser Invulnerability |
| 13:54 | Black Gunpowder |
| 14:04 | Mortar Team |
| 14:51 | Rifleman |
| 14:52 | Mortar Team |
| 15:03 | Summon Water Elemental |
| 15:23 | Siege Engine |
| 15:42 | Flying Machine |
| 15:42 | Flying Machine |
| 15:42 | Flying Machine |
| 16:17 | Flying Machine |
| 16:17 | Flying Machine |
| 16:26 | Flame Strike |
| 16:40 | Flying Machine |
| 16:40 | Flying Machine |
| 16:41 | Flak Cannons |
| 16:45 | Scroll of Town Portal |
| 16:57 | Flying Machine |
| 17:28 | Flying Machine |
| 17:28 | Flying Machine |
| 18:14 | Mass Teleport |
| 18:16 | Flying Machine |
| 18:16 | Flying Machine |
| 18:48 | Farm |
| 18:49 | Farm |
| 18:50 | Farm |
| 19:03 | Refined Gunpowder |
| 19:30 | Flying Machine |
| 19:30 | Flying Machine |
| 19:30 | Flying Machine |
| 19:30 | Flying Machine |
| Right click | 1218 |
| Select group | 1128 |
| Select | 744 |
| Build/train/purchase | 164 |
| Chat | 144 |
| Assign group | 117 |
| Misc. action | 88 |
| Minimap ping | 42 |
| Use ability | 22 |
| Resource trade | 20 |
| Esc | 6 |


| Scroll of Regeneration | 2 | 200 |
| Potion of Healing | 1 | 150 |
| Lesser Clarity Potion | 2 | 140 |
| Scroll of Healing | 1 | 250 |
| Potion of Lesser Invulnerability | 1 | 150 |
| total: | 7 | 890g |
| Peasant | 7 | 525 | / | 0 |
| Footman | 5 | 675 | / | 0 |
| Rifleman | 9 | 1845 | / | 270 |
| Mortar Team | 9 | 1620 | / | 630 |
| total: | 30 | 4665g | / | 900w |
| Scout Tower | 2 | 60 | / | 40 |
| Arcane Tower | 1 | 70 | / | 50 |
| Altar of Kings | 1 | 180 | / | 50 |
| Farm | 14 | 1120 | / | 280 |
| Barracks | 2 | 320 | / | 120 |
| Lumber Mill | 1 | 120 | / | 0 |
| Arcane Vault | 1 | 130 | / | 30 |
| Blacksmith | 1 | 140 | / | 60 |
| Workshop | 2 | 280 | / | 280 |
| Keep | 1 | 320 | / | 210 |
| total: | 24 | 2350g | / | 860w |
| 0:04 | Peasant |
| 0:09 | Altar of Kings |
| 0:19 | Farm |
| 0:25 | Barracks |
| 0:26 | Peasant |
| 0:27 | Peasant |
| 0:55 | Peasant |
| 1:03 | Farm |
| 1:12 | Peasant |
| 1:25 | Peasant |
| 1:26 | Footman |
| 1:39 | Scout Tower |
| 1:45 | Farm |
| 1:49 | Footman |
| 2:07 | Peasant |
| 2:09 | Footman |
| 2:12 | Thunder Clap |
| 2:18 | Arcane Tower |
| 2:26 | Lumber Mill |
| 2:53 | Farm |
| 3:00 | Footman |
| 3:28 | Footman |
| 3:29 | Keep |
| 3:41 | Storm Bolt |
| 3:51 | Arcane Vault |
| 4:06 | Blacksmith |
| 4:13 | Scout Tower |
| 5:35 | Barracks |
| 5:37 | Rifleman |
| 5:39 | Black Gunpowder |
| 5:51 | Farm |
| 6:29 | Workshop |
| 6:39 | Workshop |
| 6:52 | Holy Light |
| 7:04 | Improved Lumber Harvesting |
| 7:08 | Rifleman |
| 7:14 | Farm |
| 7:23 | Potion of Lesser Invulnerability |
| 7:23 | Scroll of Healing |
| 7:56 | Farm |
| 8:35 | Rifleman |
| 8:38 | Mortar Team |
| 8:55 | Farm |
| 9:02 | Thunder Clap |
| 9:08 | Rifleman |
| 9:10 | Long Rifles |
| 9:12 | Mortar Team |
| 10:07 | Mortar Team |
| 10:10 | Flare |
| 10:12 | Rifleman |
| 10:27 | Farm |
| 10:55 | Mortar Team |
| 11:13 | Farm |
| 11:50 | Divine Shield |
| 12:22 | Rifleman |
| 12:55 | Rifleman |
| 13:02 | Scroll of Regeneration |
| 13:02 | Potion of Healing |
| 13:16 | Lesser Clarity Potion |
| 13:32 | Farm |
| 13:42 | Storm Bolt |
| 13:48 | Mortar Team |
| 13:53 | Rifleman |
| 14:23 | Farm |
| 14:41 | Holy Light |
| 15:08 | Rifleman |
| 15:21 | Scroll of Regeneration |
| 15:21 | Lesser Clarity Potion |
| 15:33 | Farm |
| 15:44 | Thunder Clap |
| 16:46 | Mortar Team |
| 17:33 | Mortar Team |
| 17:58 | Mortar Team |
| 18:31 | Farm |
| 19:18 | Mortar Team |
| Right click | 937 |
| Select | 265 |
| Select group | 208 |
| Chat | 86 |
| Build/train/purchase | 74 |
| Misc. action | 69 |
| Use ability | 37 |
| Assign group | 27 |
| Minimap ping | 20 |
| Remove unit | 2 |
118 units @ 17.1k
/ 2.2k
71 buildings @ 10.1k
/ 4.2k

| Scroll of Town Portal | 1 | 350 |
| total: | 1 | 350g |
| Peon | 7 | 525 | / | 0 |
| Grunt | 2 | 400 | / | 0 |
| Troll Headhunter | 15 | 2100 | / | 300 |
| Troll Berserker | 3 | 420 | / | 60 |
| total: | 27 | 3445g | / | 360w |
| Watch Tower | 3 | 330 | / | 240 |
| Altar of Storms | 1 | 180 | / | 50 |
| Orc Burrow | 5 | 800 | / | 200 |
| Barracks | 2 | 360 | / | 100 |
| War Mill | 1 | 205 | / | 0 |
| Voodoo Lounge | 1 | 130 | / | 30 |
| Great Hall | 2 | 770 | / | 370 |
| Stronghold | 1 | 315 | / | 190 |
| Fortress | 1 | 325 | / | 190 |
| total: | 15 | 2775g | / | 990w |
| 0:07 | Peon |
| 0:20 | Altar of Storms |
| 0:26 | Orc Burrow |
| 0:27 | Peon |
| 0:41 | Peon |
| 0:44 | Barracks |
| 0:58 | Peon |
| 1:13 | Peon |
| 1:34 | War Mill |
| 1:36 | Peon |
| 1:52 | Grunt |
| 2:18 | Peon |
| 2:23 | Critical Strike |
| 2:35 | Orc Burrow |
| 2:42 | Orc Burrow |
| 3:20 | Stronghold |
| 3:53 | Voodoo Lounge |
| 3:58 | Watch Tower |
| 3:58 | Watch Tower |
| 4:03 | Wind Walk |
| 4:22 | Troll Headhunter |
| 4:22 | Troll Headhunter |
| 5:27 | Barracks |
| 5:28 | Spiked Barricades |
| 5:31 | Troll Headhunter |
| 5:31 | Troll Headhunter |
| 5:47 | Scroll of Town Portal |
| 5:52 | Steel Ranged Weapons |
| 6:31 | Troll Headhunter |
| 6:56 | Troll Regeneration |
| 7:17 | Troll Headhunter |
| 7:17 | Troll Headhunter |
| 7:18 | Grunt |
| 8:31 | Mirror Image |
| 8:49 | Troll Headhunter |
| 8:49 | Troll Headhunter |
| 8:51 | Fortress |
| 9:24 | Orc Burrow |
| 9:24 | Orc Burrow |
| 9:54 | Troll Headhunter |
| 9:54 | Troll Headhunter |
| 10:23 | Troll Headhunter |
| 11:22 | Watch Tower |
| 11:23 | Berserker Upgrade |
| 11:26 | Troll Headhunter |
| 11:26 | Troll Headhunter |
| 11:26 | Troll Headhunter |
| 12:10 | Troll Berserker |
| 12:56 | Great Hall |
| 13:09 | Troll Berserker |
| 13:33 | Troll Berserker |
| 14:14 | Great Hall |
| Right click | 421 |
| Select | 342 |
| Build/train/purchase | 49 |
| Select group | 34 |
| Misc. action | 14 |
| Assign group | 10 |
| Use ability | 8 |
| Minimap ping | 5 |
| Remove unit | 1 |


| Rod of Necromancy | 2 | 300 |
| Ritual Dagger | 1 | 125 |
| Orb of Corruption | 1 | 375 |
| Potion of Healing | 1 | 150 |
| Scroll of Town Portal | 2 | 700 |
| total: | 7 | 1650g |
| Acolyte | 2 | 150 | / | 0 |
| Ghoul | 4 | 480 | / | 0 |
| Crypt Fiend | 8 | 1720 | / | 320 |
| Obsidian Statue | 6 | 1200 | / | 210 |
| Frost Wyrm | 2 | 770 | / | 240 |
| Gargoyle | 4 | 700 | / | 120 |
| Troll Berserker | 1 | 140 | / | 20 |
| total: | 27 | 5160g | / | 910w |
| Spirit Tower | 4 | 580 | / | 160 |
| Crypt | 2 | 400 | / | 100 |
| Graveyard | 1 | 215 | / | 0 |
| Ziggurat | 7 | 1050 | / | 350 |
| Altar of Darkness | 1 | 180 | / | 50 |
| Tomb of Relics | 1 | 130 | / | 30 |
| Slaughterhouse | 1 | 140 | / | 135 |
| Sacrificial Pit | 1 | 75 | / | 150 |
| Boneyard | 1 | 175 | / | 200 |
| Halls of the Dead | 1 | 320 | / | 210 |
| Black Citadel | 2 | 650 | / | 460 |
| total: | 15 | 2365g | / | 1015w |
| 0:07 | Acolyte |
| 0:13 | Crypt |
| 0:21 | Graveyard |
| 0:22 | Acolyte |
| 0:45 | Ziggurat |
| 1:05 | Altar of Darkness |
| 1:18 | Ghoul |
| 1:46 | Crypt Fiend |
| 2:00 | Tomb of Relics |
| 2:18 | Ziggurat |
| 2:34 | Crypt Fiend |
| 3:14 | Rod of Necromancy |
| 3:15 | Crypt Fiend |
| 3:20 | Death Coil |
| 3:46 | Crypt Fiend |
| 3:55 | Halls of the Dead |
| 4:14 | Crypt Fiend |
| 4:19 | Ziggurat |
| 4:51 | Unholy Aura |
| 5:35 | Crypt Fiend |
| 5:49 | Ghoul |
| 5:49 | Ghoul |
| 6:12 | Ritual Dagger |
| 6:28 | Ghoul |
| 6:32 | Slaughterhouse |
| 6:38 | Burrow |
| 7:22 | Rod of Necromancy |
| 7:27 | Frost Nova |
| 7:29 | Black Citadel |
| 7:36 | Ziggurat |
| 8:46 | Obsidian Statue |
| 8:47 | Crypt Fiend |
| 9:12 | Sacrificial Pit |
| 9:30 | Obsidian Statue |
| 9:35 | Ziggurat |
| 10:02 | Orb of Corruption |
| 10:08 | Destroyer Form |
| 10:10 | Boneyard |
| 10:34 | Creature Attack |
| 10:36 | Obsidian Statue |
| 11:36 | Death Coil |
| 11:37 | Death Coil |
| 11:59 | Dark Ritual |
| 12:12 | Frost Wyrm |
| 12:14 | Obsidian Statue |
| 12:49 | Gargoyle |
| 12:51 | Crypt |
| 13:32 | Unholy Aura |
| 13:33 | Frost Nova |
| 13:40 | Frost Wyrm |
| 13:41 | Obsidian Statue |
| 13:43 | Creature Carapace |
| 13:45 | Ziggurat |
| 13:50 | Ziggurat |
| 14:25 | Scroll of Town Portal |
| 14:31 | Scroll of Town Portal |
| 15:19 | Potion of Healing |
| 15:53 | Obsidian Statue |
| 16:05 | Dark Ritual |
| 16:42 | Death Coil |
| 17:35 | Gargoyle |
| 17:35 | Gargoyle |
| 18:27 | Spirit Tower |
| 18:46 | Gargoyle |
| 19:06 | Web |
| 19:07 | Crypt Fiend |
| 19:21 | Troll Berserker |
| 19:33 | Spirit Tower |
| 20:58 | Frost Nova |
| 20:59 | Frost Nova |
| Right click | 727 |
| Select | 413 |
| Select group | 396 |
| Misc. action | 226 |
| Build/train/purchase | 117 |
| Use ability | 69 |
| Assign group | 33 |
| Chat | 7 |
| Item give/drop | 5 |
| Esc | 2 |


| Scroll of Regeneration | 2 | 200 |
| Ivory Tower | 2 | 80 |
| Potion of Mana | 3 | 600 |
| Potion of Healing | 1 | 150 |
| Periapt of Vitality | 1 | 325 |
| Boots of Speed | 1 | 250 |
| total: | 10 | 1605g |
| Peasant | 9 | 675 | / | 0 |
| Footman | 10 | 1350 | / | 0 |
| Rifleman | 8 | 1640 | / | 240 |
| Mortar Team | 4 | 720 | / | 280 |
| Goblin Shredder | 1 | 375 | / | 100 |
| Goblin Zeppelin | 1 | 240 | / | 60 |
| total: | 33 | 5000g | / | 680w |
| Scout Tower | 8 | 240 | / | 160 |
| Guard Tower | 10 | 700 | / | 500 |
| Altar of Kings | 1 | 180 | / | 50 |
| Farm | 9 | 720 | / | 180 |
| Barracks | 4 | 640 | / | 240 |
| Lumber Mill | 1 | 120 | / | 0 |
| Arcane Vault | 1 | 130 | / | 30 |
| Blacksmith | 1 | 140 | / | 60 |
| Town Hall | 1 | 385 | / | 205 |
| Workshop | 2 | 280 | / | 280 |
| Keep | 1 | 320 | / | 210 |
| Castle | 2 | 720 | / | 420 |
| total: | 28 | 2835g | / | 1205w |
| 0:04 | Peasant |
| 0:04 | Peasant |
| 0:04 | Peasant |
| 0:24 | Altar of Kings |
| 0:25 | Peasant |
| 0:25 | Peasant |
| 0:39 | Farm |
| 1:01 | Barracks |
| 1:10 | Peasant |
| 1:24 | Farm |
| 1:31 | Peasant |
| 1:31 | Peasant |
| 2:13 | Farm |
| 2:18 | Barracks |
| 2:34 | Lumber Mill |
| 2:38 | Footman |
| 2:57 | Farm |
| 3:04 | Storm Bolt |
| 3:15 | Footman |
| 3:15 | Footman |
| 3:24 | Scout Tower |
| 3:33 | Scout Tower |
| 3:38 | Farm |
| 3:42 | Arcane Vault |
| 3:54 | Scout Tower |
| 3:55 | Guard Tower |
| 4:06 | Keep |
| 4:19 | Blacksmith |
| 4:26 | Farm |
| 4:36 | Footman |
| 4:36 | Footman |
| 4:52 | Guard Tower |
| 4:55 | Scout Tower |
| 5:15 | Scout Tower |
| 5:26 | Goblin Shredder |
| 5:53 | Guard Tower |
| 5:58 | Improved Masonry |
| 6:18 | Guard Tower |
| 6:20 | Black Gunpowder |
| 6:23 | Farm |
| 6:25 | Rifleman |
| 6:33 | Thunder Clap |
| 6:38 | Rifleman |
| 6:39 | Rifleman |
| 6:50 | Improved Lumber Harvesting |
| 7:01 | Farm |
| 7:50 | Thunder Clap |
| 8:13 | Long Rifles |
| 8:14 | Rifleman |
| 8:41 | Periapt of Vitality |
| 8:47 | Boots of Speed |
| 8:50 | Holy Light |
| 9:03 | Castle |
| 9:09 | Advanced Masonry |
| 10:01 | Rifleman |
| 10:21 | Scroll of Regeneration |
| 10:28 | Goblin Zeppelin |
| 10:36 | Footman |
| 11:17 | Storm Bolt |
| 11:41 | Footman |
| 11:41 | Footman |
| 11:48 | Devotion Aura |
| 11:58 | Footman |
| 12:04 | Town Hall |
| 12:14 | Workshop |
| 12:18 | Workshop |
| 12:45 | Rifleman |
| 13:05 | Scroll of Regeneration |
| 13:12 | Barracks |
| 13:18 | Ivory Tower |
| 13:18 | Ivory Tower |
| 13:38 | Scout Tower |
| 13:40 | Guard Tower |
| 13:46 | Iron Plating |
| 13:47 | Iron Forged Swords |
| 13:49 | Mortar Team |
| 13:59 | Guard Tower |
| 14:08 | Guard Tower |
| 14:13 | Peasant |
| 14:41 | Potion of Mana |
| 14:53 | Mortar Team |
| 14:53 | Mortar Team |
| 15:13 | Potion of Mana |
| 15:48 | Mortar Team |
| 15:55 | Footman |
| 16:15 | Rifleman |
| 16:20 | Barracks |
| 16:41 | Castle |
| 16:43 | Rifleman |
| 16:54 | Scout Tower |
| 16:57 | Scout Tower |
| 17:29 | Guard Tower |
| 17:37 | Farm |
| 17:57 | Searing Arrows |
| 18:12 | Thunder Clap |
| 18:17 | Potion of Healing |
| 18:18 | Potion of Mana |
| Right click | 539 |
| Select | 262 |
| Build/train/purchase | 95 |
| Misc. action | 90 |
| Select group | 40 |
| Use ability | 23 |
| Assign group | 13 |
| Esc | 3 |
| Item give/drop | 2 |
| Minimap ping | 2 |


| Scroll of Town Portal | 2 | 700 |
| Scroll of Regeneration | 1 | 100 |
| total: | 3 | 800g |
| Wisp | 11 | 660 | / | 0 |
| Archer | 11 | 1430 | / | 110 |
| Hippogryph | 9 | 1440 | / | 180 |
| total: | 31 | 3530g | / | 290w |
| Altar of Elders | 1 | 180 | / | 50 |
| Moon Well | 4 | 720 | / | 160 |
| Ancient of War | 2 | 300 | / | 120 |
| Ancient of Wonders | 1 | 90 | / | 30 |
| Hunter's Hall | 1 | 210 | / | 100 |
| Ancient of Wind | 4 | 600 | / | 560 |
| Tree of Ages | 1 | 320 | / | 180 |
| total: | 13 | 2100g | / | 1020w |
| 0:06 | Wisp |
| 0:06 | Wisp |
| 0:23 | Altar of Elders |
| 0:27 | Wisp |
| 0:36 | Moon Well |
| 0:48 | Wisp |
| 0:50 | Wisp |
| 1:08 | Wisp |
| 1:28 | Ancient of War |
| 1:32 | Moon Well |
| 1:47 | Wisp |
| 1:47 | Wisp |
| 1:47 | Wisp |
| 2:03 | Wisp |
| 2:16 | Ancient of War |
| 2:29 | Summon Lava Spawn |
| 2:33 | Archer |
| 2:35 | Wisp |
| 2:40 | Ancient of Wonders |
| 2:50 | Archer |
| 3:33 | Archer |
| 3:35 | Tree of Ages |
| 5:03 | Archer |
| 5:22 | Archer |
| 5:48 | Moon Well |
| 5:51 | Hunter's Hall |
| 6:18 | Improved Bows |
| 6:20 | Ancient of Wind |
| 6:22 | Ancient of Wind |
| 6:35 | Incinerate |
| 6:46 | Moon Well |
| 6:49 | Archer |
| 7:04 | Moon Armor |
| 8:04 | Hippogryph |
| 8:06 | Hippogryph |
| 8:40 | Scroll of Town Portal |
| 9:09 | Hippogryph |
| 9:11 | Hippogryph |
| 9:12 | Archer |
| 9:35 | Hippogryph |
| 10:58 | Incinerate |
| 12:07 | Summon Lava Spawn |
| 12:19 | Summon Lava Spawn |
| 12:30 | Ancient of Wind |
| 12:32 | Ancient of Wind |
| 12:34 | Archer |
| 12:35 | Archer |
| 13:14 | Archer |
| 13:18 | Strength of the Moon |
| 13:37 | Trueshot Aura |
| 13:41 | Hippogryph |
| 13:42 | Hippogryph |
| 13:42 | Hippogryph |
| 13:48 | Archer |
| 14:13 | Hippogryph |
| 15:17 | Scroll of Regeneration |
| 15:18 | Scroll of Town Portal |
| 15:54 | Searing Arrows |
| Right click | 458 |
| Select | 240 |
| Build/train/purchase | 65 |
| Select group | 18 |
| Minimap ping | 8 |
| Use ability | 7 |
| Assign group | 6 |
| Remove unit | 1 |
⇛